 Dungeon Crawl Stone Soup version 0.28.0-53-g5a82cb258f (webtiles) character file.

Game seed: 4587839570531438033

123 MiltankisOP the Changer (level 4, -1/38 HPs)
             Began as a Draconian Transmuter on June 19, 2022.
             Slain by Grinder (6 damage)
             ... while paralysed by Grinder
             ... on level 4 of the Dungeon.
             The game lasted 00:03:46 (2687 turns).

MiltankisOP the Changer (Draconian Transmuter)      Turns: 2687, Time: 00:03:47

Health: -1/38      AC:  5    Str: 12    XL:     4   Next: 80%
Magic:  7/7        EV:  2    Int: 16    God:
Gold:   83         SH:  0    Dex: 11    Spells: 6/7 levels left

rFire   . . .      SeeInvis .     - Unarmed
rCold   . . .      Faith    .   (no shield)
rNeg    . . .      Spirit   .   (armour unavailable)
rPois   .          Reflect  .   (helmet currently unavailable)
rElec   .          Harm     .   (no cloak)
rCorr   .          Rampage  .   (no gloves)
Will    .....                   (boots currently unavailable)
Stlth   +.........              (no amulet)
HPRegen 0.12/turn               (no ring)
MPRegen 0.10/turn               (no ring)

@: paralysed, appendages (expiring)
A: horns 2, talons 2, AC +5, unfitting armour, cold-blooded
a: End Transformation


You were on level 4 of the Dungeon.
You had temporarily grown beastly horns and talons.
You visited 1 branch of the dungeon, and saw 4 of its levels.

You collected 83 gold pieces.

Inventory:

Armour
 k - a +0 pair of boots (melded)
Scrolls
 a - 5 scrolls of identify {unknown}
 d - a scroll of teleportation {unknown}
 e - a scroll of fear {unknown}
 g - 2 scrolls of enchant weapon {unknown}
 i - a scroll of enchant armour {unknown}
 l - a scroll of torment {unknown}
Potions
 b - a potion of curing {unknown}
 c - a potion of mutation {unknown}
 f - 2 potions of degeneration {unknown}
 h - a potion of attraction {unknown}
 j - a potion of lignification {unknown}
 m - a potion of resistance {unknown}


   Skills:
 + Level 3.2 Fighting
 - Level 2.1 Dodging
 - Level 3.2 Unarmed Combat
 - Level 2.3 Spellcasting
 + Level 3.4 Transmutations


You had 6 spell levels left.
You knew the following spells:

 Your Spells              Type           Power      Damage    Failure   Level
a - Beastly Appendage     Tmut           24%        N/A       4%          1

Your spell library contained the following spells:

 Spells                   Type           Power      Damage    Failure   Level
 Wereblood                Tmut           12%        N/A       8%          2
 Spider Form              Tmut/Pois      7%         N/A       30%         3
 Ice Form                 Ice/Tmut       7%         N/A       69%         4


Dungeon Overview and Level Annotations

Branches:
Dungeon (4/15)
 Temple: D:4-7

Altars:
Fedhas

Annotations:
D:3 1 runed translucent door, GigaChad's ghost, amateur MiFi
D:4 Grinder


Innate Abilities, Weirdness & Mutations

You have temporarily grown beastly horns and talons.
Your plain brown scales are hard. (AC +5)
You cannot fit into any form of body armour.
You are cold-blooded and may be slowed by cold attacks.


Message History

You resist with significant effort.
You can move again.
Casting: Beastly Appendage (safe; 4% risk of failure)
Confirm with . or Enter, or press ? or * to list all spells.
You grow a pair of large bovine horns.
Your feet morph into talons.
Your +0 pair of boots melds into your body.
You barely miss Grinder. You claw Grinder!
Grinder is moderately wounded.
Grinder hits you but does no damage.
You closely miss Grinder. Your kick misses Grinder.
Your headbutt misses Grinder.
Grinder is moderately wounded.
Grinder blinks!
Grinder gestures at you. You resist with significant effort.
Grinder blinks!
You hit Grinder but do no damage. You claw Grinder.
Grinder is heavily wounded.
Grinder blinks!
Grinder hits you.
You writhe in agony.
You closely miss Grinder. You claw Grinder. Your headbutt misses Grinder.
Grinder is heavily wounded.
Grinder hits you.
You hit Grinder but do no damage.
Your tail-slap misses Grinder.
Grinder is heavily wounded.
Your transformation is almost over.
Grinder says, "There's only one good use for a tongue: cutting it out."
Grinder hits you.
* * * LOW HITPOINT WARNING * * *
You writhe in agony.
* * * LOW HITPOINT WARNING * * *
You hit Grinder.
Grinder is severely wounded.
Grinder says, "DUCK!"
Grinder gestures at you.
You suddenly lose the ability to move!
Grinder hits you.
* * * LOW HITPOINT WARNING * * *
You writhe in agony.
You die...

###### #....#### ####
#..<.'..+ ....
#....#..# ...
#....##.# #+# ..#
....#+###.###.##..##
.....+.........$....#
......#.......@......#
..... ##+######5.##+##
########.###.##..#
............#
.........>..#
#######.##### #5# ..#
...#


You could see Grinder.

Vanquished Creatures
  6 adders
  A worm (D:2)
  A dart slug (D:1)
  An orc (D:3)
  5 bats
  5 endoplasms
  2 giant cockroaches
  3 goblins
  5 hobgoblins
  2 jackals (D:1)
  5 kobolds
  4 quokkas
  8 ball pythons
  5 frilled lizards
  10 rats
63 creatures vanquished.

Notes
Turn   | Place    | Note
-------+----------+-------------------------------------------
     0 | D:1      | MiltankisOP the Draconian Transmuter began the quest for
                  | the Orb.
     0 | D:1      | Reached XP level 1. HP: 16/16 MP: 3/3
   402 | D:1      | Reached XP level 2. HP: 23/23 MP: 3/5
   893 | D:1      | Reached XP level 3. HP: 21/29 MP: 4/6
  1505 | D:2      | Reached XP level 4. HP: 32/37 MP: 5/7
  1654 | D:2      | Found a faded altar of an unknown god.
  2083 | D:3      | Found a runed translucent door.
  2086 | D:3      | Noticed GigaChad's ghost (amateur MiFi)
  2255 | D:3      | Found a blossoming altar of Fedhas.
  2643 | D:4      | Noticed Grinder
  2660 | D:4      | Paralysed by Grinder for 2 turns
  2686 | D:4      | Paralysed by Grinder for 4 turns
  2687 | D:4      | Slain by Grinder

Illustrated notes

Levels and vault maps discovered:
D:1:      amcnicky_arrival_double_pillar, layout_basic
D:2:      layout_rooms, shapermc_ecumenical_altar_mp_vishouse,
          grunt_decor_one_mirror
D:3:      layout_rooms, fedhas_altar_4, ebering_ghost_reflecting_pool
D:4:      layout_gridville, uniq_grinder, uniq_sigmund

Skill      XL: |  1  2  3  4 |
---------------+-------------+-----
Dodging        | 2 |  2.1
Fighting       | 2 3 |  3.2
Transmutations | 3 |  3.4
Unarmed Combat | |  3.2
Spellcasting   | |  2.3

Action                   |  1- 3 |  4- 6 || total
-------------------------+-------+-------++-------
Melee: Unarmed           |   125 |    70 ||   195
       Kick              |    16 |    21 ||    37
       Headbutt          |    11 |     7 ||    18
       Tailslap          |    11 |     2 ||    13
       Punch             |     3 |     1 ||     4
 Cast: Beastly Appendage |    20 |    18 ||    38
Armor: Skin              |    60 |    27 ||    87
Dodge: Dodged            |    86 |    46 ||   132
